Map: Retraite de l’acolyte EC

Players

Dasana - Winner!

  • Race: Zerg Zerg
  • League: Diamond
  • Spawn Location: 7:00

Blozz

  • Race: Terran Terran
  • League: Master
  • Spawn Location: 1:00

VOD

Have the link to the VOD?

Description

Time

  • Played on: Dec. 1, 2017, 3:44 p.m.
  • Length: 26:44
Show
View Real Time Build Order
Export as new Build Order

Dasana Zerg - Winner!

Build Orders: Hatch First 

Get SALT Encoding   

  12  0:01  Drone  
  13  0:12  Overlord  
  13  0:17  Drone  
  14  0:30  Drone x2  
  14  0:34  Drone  
  17  0:52  Hatchery  
  17  0:55  Drone  
  17  0:58  Drone  
  17  1:00  Extractor  
  17  1:15  Spawning Pool  
  17  1:16  Drone  
  17  1:21  Drone  
  18  1:28  Drone  
  19  1:38  Overlord  
  19  1:49  Drone  
  20  2:01  Metabolic Boost  
  20  2:02  Queen  
  20  2:03  Queen  
  20  2:06  Zergling x2  
  25  2:10  Zergling x2  
  25  2:12  Drone  
  27  2:19  Drone  
  27  2:22  Drone  
  29  2:26  Drone  
  30  2:32  Overlord  
  29  2:45  Queen  
  29  2:46  Queen, Drone  
  29  2:47  Drone  
  35  2:52  Drone  
  36  2:58  Drone  
  36  2:59  Drone  
  36  3:04  Drone  
  39  3:12  Drone  
  40  3:14  Overlord  
  40  3:15  Drone  
  40  3:16  Drone  
  42  3:30  Drone  
  42  3:34  Lair, Hatchery  
  42  3:44  Drone x2  
  42  3:45  Drone x3  
  42  3:46  Drone x2  
  48  3:48  Zergling x4  
  48  3:49  Zergling x2  
  48  3:53  Evolution Chamber  
  48  3:54  Zergling x4  
  52  4:02  Roach Warren  
  51  4:04  Extractor  
  49  4:11  Zergling x4  
  49  4:12  Zergling x2  
  49  4:17  Drone x4  
  48  4:18  Drone  
  48  4:19  Drone  
  48  4:22  Overlord  
  52  4:29  Zerg Missile Weapons Level 1  
  52  4:34  Extractor  
  51  4:41  Hydralisk Den  
  50  4:46  Drone x3  
  50  4:48  Drone x2  
  50  4:49  Extractor  
  50  4:51  Drone  
  50  4:52  Hatchery  
  54  5:06  Drone x2  
  54  5:07  Drone x2  
  57  5:10  Drone  
  57  5:12  Queen  
  58  5:29  Overlord  
  58  5:30  Overlord x2  
  58  5:35  Overseer  
  58  5:41  Infestation Pit  
  57  5:45  Evolution Chamber  
  57  5:49  Drone x2  
  58  5:50  Drone x2  
  58  5:53  Drone  
  58  5:54  Drone x8  
  69  6:00  Muscular Augments  
  65  6:26  Queen  
  65  6:30  Hive  
  65  6:31  Zerg Missile Weapons Level 2, Zerg Ground Armor Level 1  
  65  6:32  Swarm Host  
  67  6:37  Overlord x2  
  67  6:39  Zergling x10  
  75  6:45  Drone x3  
  75  6:46  Drone  
  79  6:47  Drone, Extractor  
  79  6:49  Extractor  
  79  6:53  Roach x2  
  80  6:57  Hydralisk x2  
  80  7:00  Hydralisk  
  86  7:12  Hydralisk  
  86  7:13  Hydralisk x3  
  94  7:21  Drone x2  
  94  7:22  Drone x3  
  99  7:23  Drone x3  
  102  7:31  Drone x2  
  102  7:32  Overlord x2  
  104  7:47  Overlord x3  
  104  7:51  Adrenal Glands  
  104  7:52  Ultralisk Cavern  
  104  7:54  Queen  
  105  8:04  Drone x3  
  105  8:05  Drone x3  
  111  8:08  Drone x4  
  111  8:10  Extractor  
  111  8:11  Extractor  
  113  8:14  Overlord x2  
  113  8:41  Chitinous Plating  
  113  8:43  Ultralisk  
  113  8:44  Ultralisk x2  
  113  8:45  Zerg Ground Armor Level 2  
  131  8:49  Zerg Missile Weapons Level 3  
  129  9:06  Hydralisk x2, Roach x4  
  129  9:09  Hydralisk x4  
  149  9:18  Overlord x2  
  147  9:24  Hydralisk x2  
  151  9:31  Overlord x3  
  149  9:51  Drone x3  
  152  9:54  Ultralisk  
  152  9:55  Ultralisk  
  152  9:56  Viper x2  
  152  9:59  Hydralisk x4  
  176  10:01  Drone  
  176  10:02  Drone x3  
  182  10:24  Hydralisk x4  
  190  10:30  Hatchery  
  178  10:46  Hydralisk x3  
  178  10:49  Hydralisk x2  
  150  10:50  Hydralisk  
  150  10:51  Ultralisk x3  
  150  10:54  Zergling x4  
  155  11:07  Zerg Ground Armor Level 3  
  155  11:13  Zergling x6  
  155  11:18  Drone x4  
  162  11:26  Ultralisk x2  
  174  11:36  Zerg Melee Weapons Level 1, Hydralisk x4  
  174  11:38  Overlord x3  
  182  11:52  Spire  
  181  11:57  Ultralisk  
  181  11:59  Zergling x8  
  191  12:04  Baneling Nest  
  183  12:34  Drone  
  170  12:51  Hydralisk  
  170  12:52  Hydralisk x11  
  170  12:55  Ultralisk x2  
  200  13:09  Greater Spire  
  200  13:32  Hydralisk x5  
  200  13:33  Hydralisk x2  
  181  13:42  Viper x2  
  181  13:43  Viper  
  190  13:49  Zerg Melee Weapons Level 2  
  190  13:54  Drone x3  
  190  13:55  Drone x3  
  196  14:01  Corruptor x2  
  196  14:03  Extractor  
  196  14:05  Corruptor x3  
  196  14:06  Extractor  
  156  14:28  Hydralisk x6  
  158  14:33  Hydralisk  
  158  14:34  Hydralisk x5  
  142  14:47  Ultralisk  
  148  15:04  Ultralisk x2  
  160  15:26  Hydralisk x5  
  170  15:28  Ultralisk  
  170  15:29  Ultralisk, Hydralisk x4  
  190  15:36  Zergling x8  
  190  15:37  Centrifical Hooks  
  190  15:39  Hatchery  
  190  15:42  Zerg Flyer Weapons Level 1  
  193  15:51  Ultralisk  
  199  16:04  Zergling x2  
  200  16:12  Zerg Melee Weapons Level 3  
  131  17:26  Ultralisk x2  
  131  17:27  Ultralisk x7  
  131  17:28  Extractor  
  160  17:32  Extractor  
  160  17:33  Hydralisk x4  
  160  17:34  Hydralisk x7  
  160  17:35  Hydralisk x2  
  178  17:42  Corruptor x2  
  179  17:44  Zergling x2  
  179  17:45  Zergling x6  
  180  17:57  Zergling x6  
  180  17:58  Zergling x2  
  184  17:59  Ultralisk x2  
  184  18:00  Hydralisk  
  184  18:01  Hydralisk  
  160  18:37  Ultralisk  
  160  18:38  Ultralisk x2, Hydralisk x3  
  178  18:47  Ultralisk x2, Hydralisk  
  178  18:48  Hydralisk  
  172  18:55  Hydralisk x3  
  152  18:58  Hydralisk x2  
  152  18:59  Zergling x2  
  152  19:00  Zergling x10  
  164  19:11  Hydralisk x2  
  164  19:12  Hydralisk x3  
  164  19:13  Zergling x6  
  177  19:30  Hydralisk x9  
  177  19:31  Hydralisk  
  174  19:38  Hydralisk  
  174  19:39  Hydralisk x2  
  174  19:42  Hydralisk x3  
  186  19:48  Hydralisk x2  
  186  19:49  Hydralisk  
  186  19:51  Hydralisk  
  187  19:59  Hydralisk x3  
  168  20:12  Overlord x2  
  168  20:13  Corruptor x3  
  158  20:32  Hydralisk x6  
  152  20:52  Corruptor x5  
  152  20:53  Corruptor  
  164  21:02  Zergling x4, Corruptor  
  166  21:08  Corruptor x2  
  164  21:11  Zergling x2  
  164  21:12  Zergling x10  
  140  21:33  Zergling x2  
  140  21:34  Zergling x4  
  140  21:35  Ultralisk x2, Zergling x2  
  140  21:36  Zergling x18, Hydralisk x2  
  156  21:51  Hydralisk x3  
  156  21:52  Hydralisk x2  
  165  22:10  Brood Lord  
  165  22:13  Hydralisk x3  
  165  22:15  Hatchery  
  172  22:23  Ultralisk  
  172  22:26  Zergling x10  
  172  22:27  Zergling x14  
  190  22:51  Hydralisk x3  
  184  22:52  Hydralisk x4  
  172  23:06  Hydralisk x2  
  172  23:07  Hydralisk x2  
  180  23:18  Hydralisk x3  
  169  23:38  Ultralisk  
  131  23:52  Hydralisk x2  
  131  23:53  Hydralisk x2  
  131  23:54  Zergling x26  
  131  23:55  Zergling x2  
  149  23:59  Zergling x6  
  152  24:14  Hydralisk  
  152  24:15  Hydralisk x2  
  145  24:45  Hydralisk x6  
  129  24:48  Zergling x8  
  143  24:58  Ultralisk  
  149  25:01  Zergling x2  
  149  25:02  Zergling x22  
  161  25:07  Hatchery  
  160  25:19  Brood Lord  
  160  25:21  Brood Lord  
  164  25:33  Hydralisk x3  
  170  25:57  Hydralisk x5  
  166  26:21  Zergling x2  
  166  26:22  Zergling x12  
Show
View Real Time Build Order
Export as new Build Order

Blozz Terran 

Build Orders: Liberator Opening, Reaper Expand, MMM Bio 

Get SALT Encoding   

  12  0:00  SCV  
  13  0:13  SCV  
  14  0:18  Supply Depot  
  14  0:25  SCV  
  14  0:28  Refinery  
  15  0:40  SCV  
  16  0:46  Barracks  
  16  0:52  SCV  
  17  1:04  SCV  
  18  1:16  SCV  
  19  1:32  Orbital Command  
  19  1:33  Reaper  
  20  1:44  Command Center  
  20  1:58  SCV  
  20  2:00  Factory  
  21  2:04  Refinery  
  21  2:08  Barracks Reactor  
  21  2:10  SCV  
  22  2:17  Supply Depot  
  22  2:23  SCV  
  23  2:45  SCV  
  24  2:54  Hellion x2  
  24  2:57  Starport, SCV, Orbital Command  
  29  3:05  Barracks Tech Lab  
  29  3:10  SCV  
  30  3:15  Hellion  
  30  3:16  Hellion  
  30  3:19  Liberator  
  34  3:25  Marine  
  35  3:27  Stimpack  
  35  3:32  SCV x2  
  40  3:48  Marine  
  41  3:50  Hellion x2  
  41  3:52  SCV  
  46  4:02  Supply Depot  
  46  4:04  Supply Depot  
  46  4:14  SCV  
  46  4:20  Marine, SCV  
  40  4:25  Starport Reactor  
  40  4:33  Barracks  
  40  4:35  Command Center  
  40  4:38  Marine  
  40  4:40  Hellion  
  40  4:42  Hellion  
  40  4:45  SCV x2  
  47  4:57  Engineering Bay, SCV x2  
  47  4:58  Engineering Bay  
  49  5:08  Marine  
  50  5:17  Barracks, Factory Tech Lab  
  50  5:18  Barracks, SCV x2  
  50  5:20  Refinery  
  52  5:27  Marine, Barracks Reactor  
  52  5:28  Medivac  
  55  5:31  Medivac  
  55  5:34  SCV x2  
  59  5:37  Terran Infantry Weapons Level 1  
  59  5:42  Terran Infantry Armor Level 1  
  59  5:46  SCV x2  
  61  5:50  Orbital Command  
  61  5:53  Siege Tank  
  64  6:02  Marine  
  65  6:05  Marine x3  
  65  6:07  Barracks Reactor  
  65  6:09  Marine  
  65  6:10  Medivac x2  
  73  6:12  SCV x2  
  73  6:18  Refinery  
  75  6:24  SCV  
  75  6:25  Marine x2, Orbital Command  
  74  6:27  Marine  
  74  6:32  Marine, Siege Tank  
  81  6:34  Supply Depot  
  80  6:43  SCV x2  
  82  6:51  SCV  
  82  6:52  Marine x2  
  85  6:55  Marine x5, SCV x2, Combat Shields  
  92  7:02  Armory  
  92  7:03  SCV  
  93  7:14  Supply Depot  
  93  7:16  Supply Depot  
  93  7:17  Supply Depot  
  93  7:18  SCV x3  
  96  7:24  Marine x3  
  96  7:25  Marine x2  
  101  7:36  Marine, Medivac, SCV x2, Siege Tank  
  109  7:37  Marine, Medivac, SCV  
  113  7:44  Barracks  
  113  7:47  Barracks  
  113  7:53  Marine x5  
  113  7:57  Marine  
  113  7:58  Marine  
  120  8:08  Terran Infantry Armor Level 2, Terran Infantry Weapons Level 2  
  120  8:09  SCV x3  
  120  8:10  Marine  
  124  8:13  Refinery  
  124  8:20  Refinery  
  122  8:38  Marine x3  
  122  8:40  Barracks Tech Lab x2  
  125  9:01  Marine  
  125  9:02  Marine  
  125  9:11  Unknown  
  125  9:35  Marine x2  
  125  9:37  Marine, SCV  
  125  9:38  Marine  
  125  9:39  Marine x2, SCV, Command Center  
  125  9:40  Marine x2, SCV, Command Center  
  125  9:41  Marine, Medivac  
  125  9:42  Medivac  
  125  9:43  Siege Tank  
  115  9:49  Concussive Shells  
  110  9:52  SCV  
  110  9:53  Marine  
  110  9:54  Barracks x2  
  110  9:55  Marine  
  110  9:56  Marine  
  110  9:57  Marine x2  
  110  9:58  Marine  
  117  10:00  SCV x2  
  117  10:04  SCV  
  117  10:05  Terran Vehicle Weapons Level 1  
  117  10:06  Liberator x2  
  119  10:13  Marine x2  
  119  10:14  Marine, Marauder  
  124  10:20  Armory  
  125  10:22  Marauder x2, Siege Tank  
  137  10:34  Barracks Tech Lab  
  129  10:48  Marine x3  
  129  10:49  Marine x3  
  120  10:50  Marauder  
  120  10:53  Liberator x2  
  113  11:01  Barracks Tech Lab x2, Orbital Command  
  113  11:07  Marauder  
  113  11:08  Marauder x2  
  113  11:09  Siege Tank  
  130  11:11  Marauder, Marine  
  130  11:12  Marine x3  
  134  11:22  SCV x2  
  134  11:23  SCV  
  137  11:28  Marine  
  137  11:30  Marauder x4  
  146  11:35  Barracks, Terran Infantry Weapons Level 3  
  146  11:37  Barracks  
  146  11:41  Marine x4  
  146  11:42  Marauder  
  146  11:46  Marauder  
  154  11:51  Marauder x4  
  154  11:52  Planetary Fortress  
  162  11:58  Refinery  
  162  11:59  Marine x4  
  162  12:01  Refinery  
  166  12:06  Marine  
  166  12:07  Marine  
  168  12:10  Liberator x2  
  168  12:12  Marine x2  
  146  12:24  Marine x4  
  146  12:25  Marauder x3  
  146  12:26  Marauder, Siege Tank  
  167  12:30  Barracks Tech Lab  
  167  12:31  Barracks Tech Lab  
  167  12:39  Ghost Academy  
  167  12:45  Sensor Tower  
  166  12:52  Marine x3  
  166  12:53  Marine x2, Marauder  
  166  12:54  Marauder x6  
  185  13:10  Supply Depot x3, Medivac  
  187  13:27  Marauder  
  187  13:28  Marine  
  187  13:29  Marine x3  
  187  13:30  Marine, Medivac  
  187  13:31  Marauder x5  
  166  13:37  Marine  
  166  13:41  Siege Tank  
  133  13:46  Marine x2  
  135  13:49  Starport  
  135  14:00  Marine x5, Liberator x2  
  135  14:01  Marauder x2  
  144  14:09  Marine  
  118  14:10  Marine x4  
  118  14:16  Siege Tank  
  107  14:17  Marine  
  107  14:18  Marine x4  
  107  14:22  Marauder x2  
  112  14:30  Marine x2  
  112  14:31  Marine x3  
  107  14:35  Marine  
  107  14:36  Marauder x2  
  106  14:42  Marine x2  
  106  14:43  Marine  
  103  14:57  Terran Infantry Armor Level 3  
  103  15:03  Liberator x2  
  103  15:04  Liberator  
  103  15:05  Liberator  
  103  15:16  Marauder x5, Marine x4  
  103  15:17  Marine  
  103  15:18  Marine x2  
  103  15:19  Siege Tank  
  129  15:25  Terran Ship Weapons Level 1  
  135  15:29  Moebius Reactor  
  135  15:34  Orbital Command  
  135  15:42  Marine x4  
  138  15:43  Marauder x4  
  138  15:44  Marauder x2, Command Center  
  138  15:45  Marauder x2, Command Center  
  155  16:00  SCV  
  155  16:01  SCV x3  
  155  16:03  Medivac x2  
  163  16:04  Marauder, Medivac  
  163  16:05  Marauder x2, Medivac  
  173  16:14  Marine  
  173  16:15  Marine x3, Sensor Tower  
  173  16:17  Marauder x5  
  187  16:26  Building Armor  
  187  16:29  Terran Vehicle And Ship Armor Level 1  
  187  16:37  Refinery  
  184  17:05  Medivac x2  
  184  17:06  Marine x3, Medivac x2  
  184  17:17  Marine x4  
  184  17:18  Marauder  
  184  17:21  Marine x3  
  184  17:22  Marauder  
  169  17:24  Marine x2  
  169  17:25  Marine  
  169  17:26  Siege Tank  
  167  17:35  Marine x2  
  167  17:36  Marauder x2  
  173  17:39  Marine x3, Marauder, Viking x4  
  173  17:42  Marine x3  
  173  17:43  Marine  
  190  17:52  Orbital Command  
  190  17:53  Marine x2  
  190  17:56  Marine  
  190  17:57  Marauder, Marine  
  190  17:58  Marine x2  
  197  18:00  Marine  
  199  18:10  Marine  
  200  18:23  Refinery  
  162  18:35  Marine x5  
  162  18:36  Marauder x5  
  162  18:37  Marauder  
  162  18:39  Medivac x4  
  187  18:48  Marine  
  149  18:49  Siege Tank  
  149  18:53  Marine x3  
  149  18:54  Marauder  
  131  18:57  Marauder x2  
  131  19:01  Marine x2  
  131  19:02  Marine, Marauder x2  
  127  19:03  Liberator x3  
  127  19:04  Liberator  
  127  19:06  Planetary Fortress, Marauder  
  127  19:08  SCV x6  
  135  19:15  Marauder  
  137  19:18  Marine x2  
  137  19:19  Marine x3  
  137  19:20  Marauder x2  
  137  19:24  Marauder  
  157  19:30  Marine x3  
  155  19:36  Marine x3  
  155  19:37  Marauder x2, Siege Tank  
  162  19:46  Liberator  
  155  19:55  Marine x3  
  155  19:56  Marauder x4  
  137  20:00  Marine x2, Marauder  
  137  20:03  Marine x2  
  115  20:07  Liberator x2  
  115  20:08  Liberator  
  115  20:13  Marine  
  107  20:15  Marine x2  
  107  20:17  Marine x3, Marauder x2  
  107  20:18  Marine  
  107  20:21  Marauder x2  
  107  20:22  Marauder  
  117  20:33  Marine x3  
  110  20:35  Marauder x2  
  110  20:36  Marauder  
  110  20:39  Marine x2  
  110  20:40  Marauder  
  110  20:42  Marine  
  110  20:44  Marine x2  
  102  20:53  SCV x5  
  104  21:05  SCV  
  96  21:14  Marine x4  
  96  21:15  Marine, Marauder  
  96  21:16  Marauder x3  
  92  21:23  Marine x3  
  89  21:32  Marine x3  
  69  21:50  Marine x3, Orbital Command  
  69  21:51  Marine x4, Marauder x2  
  69  21:52  Marine x3  
  82  22:06  SCV x3  
  82  22:08  Marine x3  
  85  22:10  Marine x5  
  85  22:11  Siege Tank  
  85  22:13  Marauder x4  
  104  22:41  Marine  
  104  22:42  Marine x4, Marauder  
  104  22:43  Marauder x4  
  116  22:52  Marine x2  
  104  22:59  Marine x2  
  104  23:01  Marauder  
  104  23:04  Marauder  
  104  23:05  Marine x6  
  109  23:10  Marine x2  
  110  23:34  Orbital Command  
  77  23:46  Orbital Command  
  63  23:53  Marine x3  
  63  23:54  Marine x9  
  72  24:06  SCV x2  
  74  24:11  SCV  
  75  24:18  SCV  
  75  24:20  Medivac  
  63  24:40  Marine x3  
  63  24:41  Marine x5  
  63  24:46  Marine x2  
  63  24:47  Marine, Marauder  
  63  24:50  Orbital Command  
  62  24:57  Medivac x2  
  62  24:59  Marauder  
  64  25:09  Marine x4  
  64  25:11  Marauder  
  70  25:21  Marauder  
  72  25:24  Marine  
  73  25:34  Marine x3  
  73  25:35  Marine x2  
  67  25:45  Marine x2  
  62  25:54  Marine x4  
  62  25:55  Marine, Marauder x2  
  71  25:58  Siege Tank  
  68  26:21  Marine  
  68  26:22  Marine x2, Marauder  
  68  26:23  Marauder x2  
Tags
 
Add a new tag
Caveats
  • Supply blocks, unpowered buildings, or Contaminate may cause inaccurate times.
  • Supply counts are checked every 10 seconds.